 Dungeon Crawl Stone Soup version 0.28.0-53-g5a82cb258f (webtiles) character file.

Game seed: 1141016216690938046

55 H0rd4k the Charlatan (level 4, 0/32 HPs)
             Began as a Human Artificer on July 19, 2022.
             Succumbed to an orc's poison
             ... on level 1 of the Dungeon.
             The game lasted 00:02:04 (1993 turns).

H0rd4k the Charlatan (Human Artificer)              Turns: 1993, Time: 00:02:05

Health: 0/32       AC:  5    Str: 12    XL:     4   Next: 14%
Magic:  4/4        EV: 11    Int: 14    God:
Gold:   60         SH:  0    Dex: 13    Spells: 3/3 levels left

rFire   . . .      SeeInvis .   a - +0 club
rCold   . . .      Faith    .   (no shield)
rNeg    . . .      Spirit   .   b - +0 leather armour
rPois   .          Reflect  .   (no helmet)
rElec   .          Harm     .   (no cloak)
rCorr   .          Rampage  .   h - +0 pair of gloves
Will    .....                   f - +0 pair of boots
Stlth   +.........              (no amulet)
HPRegen 0.10/turn               (no ring)
MPRegen 0.09/turn               (no ring)

@: lethally poisoned (0 -> -22)
A: no striking features
a: no special abilities


You were on level 1 of the Dungeon.
You visited 1 branch of the dungeon, and saw 2 of its levels.

You collected 60 gold pieces.

Inventory:

Hand Weapons
 a - a +0 club (weapon)
Armour
 b - a +0 leather armour (worn)
 f - a +0 pair of boots (worn)
 h - a +0 pair of gloves (worn)
Wands
 c - a wand of flame (11) (quivered)
 d - a wand of charming (12)
Scrolls
 g - a scroll of blinking {unknown}
 k - a scroll of immolation {unknown}
Potions
 i - a potion of curing {unknown}
 j - a potion of lignification {unknown}
Miscellaneous
 e - a piece from Xom's chessboard (15/15)


   Skills:
 + Level 1.2 Fighting
 + Level 1.3 Maces & Flails
 - Level 2.0 Armour
 + Level 1.8 Dodging
 - Level 1.0 Stealth
 * Level 0.3 Spellcasting
 + Level 3.8 Evocations


You had 3 spell levels left.
You didn't know any spells.
Your spell library contained the following spells:

 Spells                   Type           Power      Damage    Failure   Level
 Slow                     Hex            0%         N/A       36%         1
 Confusing Touch          Hex            0%         N/A       73%         3
 Vampiric Draining        Necr           0%         2d6       73%         3


Dungeon Overview and Level Annotations

Branches:
Dungeon (2/15)

Altars:


Message History

Press: ? - help, Shift-Dir - straight line, f - orc
Aim: an orc, wielding a +0 hand axe and wearing a +0 leather armour (lightly wounded, 71% to hit)
The puff of flame hits the orc.
You kill the orc!
Unknown command.
HP restored.
Things that are here:
a +0 hand axe; a +0 leather armour; an orc skeleton
There is a stone staircase leading down, spattered with blood here.
You climb downwards.
The orc closely misses you.
There is a stone staircase leading up here.
The orc closely misses you. The orc barely misses you.
The orc hits you with a +2 hand axe of venom.
You climb upwards.
There is a stone staircase leading down, spattered with blood here.
You barely miss the orc. You punch the orc.
The orc is lightly wounded.
The orc barely misses you. The orc hits you but does no damage.
The orc hits you with a +2 hand axe of venom.
The orc closely misses you.
You hit the orc.
The orc is almost dead.
The orc hits you with a +0 club. The orc barely misses you.
The orc hits you with a +0 whip.
You barely miss the orc.
The orc is almost dead.
The orc barely misses you. The orc hits you but does no damage.
You are poisoned.
The orc hits you with a +0 whip. The orc hits you but does no damage.
You hit the orc.
You kill the orc!
You feel very sick.
The orc hits you with a +2 hand axe of venom.
You are lethally poisoned!
The orc hits you with a +0 club. The orc hits you but does no damage.
You are more poisoned.
* * * LOW HITPOINT WARNING * * *
You feel very sick.
You see here a +0 whip.
You die...

### ..# ############### ..#
#.............# ..#
#.............# ..#
#.............# ..# ############
#.............#
..###..........####.............#
....'...........@)oo............#
..###..).......#.##............^#
..# #..........#'##.............#
### #########....(#.............#
#####.....# #.....#.............#
....#.....# #.....#.............#
###.......# #.....#.............#
..........# #.....##.......######
..........# #.....##.......#


You could see 2 orcs.

Vanquished Creatures
  An adder (D:2)
  2 dart slugs (D:1)
  2 orcs (D:1)
  A ball python (D:1)
  6 endoplasms
  2 giant cockroaches (D:1)
  3 hobgoblins
  A quokka (D:1)
  2 bats (D:1)
  3 frilled lizards (D:2)
  A kobold (D:1)
  3 rats
27 creatures vanquished.

Vanquished Creatures (collateral kills)
  A worm (D:2)
  A ball python (D:2)
2 creatures vanquished.

Vanquished Creatures (others)
  An orc wizard (D:2)
1 creature vanquished.

Grand Total: 30 creatures vanquished

Notes
Turn   | Place    | Note
-------+----------+-------------------------------------------
     0 | D:1      | H0rd4k the Human Artificer began the quest for the Orb.
     0 | D:1      | Reached XP level 1. HP: 15/15 MP: 1/1
   277 | D:1      | Reached XP level 2. HP: 18/21 MP: 2/2
   776 | D:1      | Found a faded altar of an unknown god.
   997 | D:1      | Reached XP level 3. HP: 26/26 MP: 3/3
  1537 | D:2      | Reached skill level 1 in Maces & Flails
  1701 | D:2      | Reached XP level 4. HP: 13/32 MP: 4/4
  1993 | D:1      | Succumbed to an orc's poison

Illustrated notes

Levels and vault maps discovered:
D:1:      nicolae_arrival_washed_ashore, layout_basic,
          dilly_ecumenical_altar_fadedgnrine
D:2:      layout_rooms, basic_altar, pf_guarded_unrand_delatra

Skill      XL: |  1  2  3 |
---------------+----------+-----
Maces & Flails | 1 |  1.3
Fighting       | |  1.2
Armour         | |  2.0
Dodging        | |  1.8
Stealth        | |  1.0
Spellcasting   | |  0.3
Evocations     | |  3.8

Action                   |  1- 3 |  4- 6 || total
-------------------------+-------+-------++-------
Melee: Club              |   120 |     7 ||   127
       Punch             |     2 |     1 ||     3
Evoke: Wand              |     6 |     1 ||     7
 Stab: Sleeping          |     4 |       ||     4
Armor: Leather armour    |    43 |     4 ||    47
Dodge: Dodged            |    98 |     7 ||   105
